AoeStats
← Flowrider

Black Forest

508736195Analyzed
2v2 RM · 7d ago on Sep 23, 2026· 48m 39s· 4 players
Game mode
Random Map
Map size
Medium (4 player)
Population
200
Speed
Normal
Resources
Standard
Victory
Conquest
Starting age
Dark Age
Ending age
Imperial Age
RankedLock teamsTeams togetherTeam positionsShared explorationLock speedFull tech treeHidden civsTurbo modeCheats
Victory
Defeat
🇩🇪 Goths · Germany
754
+13
🇬🇧 Vietnamese · United Kingdom
712
+14
🇩🇪 Italians · Germany
689
-14
🇫🇷 Britons · France
673
-13
oemerayan
0:37 Loom
13:04 Feudal Age
21:11 Castle Age
18:58 Horse Collar
22:02 Heavy Plow
31:31 Imperial Age
30:52 Forging
30:45 Scale Mail Armor
30:52 Scale Barding Armor
30:51 Padded Archer Armor
30:44 Fletching
32:39 Conscription
33:30 Wheelbarrow
32:40 Town Watch
33:23 Chain Barding Armor
33:19 Chain Mail Armor
33:40 Iron Casting
35:21 Chemistry
35:39 Leather Archer Armor
35:20 Bodkin Arrow
35:24 Double-Bit Axe
36:03 Thumb Ring
38:39 Blast Furnace
38:10 Plate Mail Armor
39:31 Ring Archer Armor
39:37 Elite Skirmisher
41:23 Hand Cart
Nordinateur93
0:29 Loom
16:54 Feudal Age
17:19 Horse Collar
18:17 Wheelbarrow
17:33 Double-Bit Axe
17:33 Fishing Lines
24:36 Castle Age
27:25 Bow Saw
29:05 Hand Cart
31:30 Caravan
34:17 Imperial Age
33:40 Stone Mining
33:47 Gold Mining
35:43 Conscription
35:07 Elite Longbowman
37:26 Two-Man Saw
36:18 Fletching
36:30 Padded Archer Armor
36:31 Scale Mail Armor
36:42 Forging
36:54 Gillnets
38:14 Gold Shaft Mining
39:46 Heavy Plow
40:03 Fortified Wall
40:14 Ballistics
40:55 Chemistry
40:48 Yeomen
40:29 Warwolf
41:32 Murder Holes
41:19 Treadmill Crane
41:37 Bodkin Arrow
41:58 Leather Archer Armor
41:19 Elite Skirmisher
41:44 Heavy Scorpion
43:08 Arson
43:24 Squires
43:10 Gambesons
42:46 Pikeman
42:47 Man-at-Arms
44:09 Bracer
44:53 Ring Archer Armor
45:47 Hoardings
Flowrider
13:22 Feudal Age
14:18 Gold Mining
14:11 Horse Collar
14:18 Double-Bit Axe
20:19 Castle Age
19:21 Stone Mining
19:48 Forging
19:39 Scale Mail Armor
19:29 Fletching
19:39 Padded Archer Armor
24:23 Stone Shaft Mining
25:19 Wheelbarrow
25:22 Iron Casting
25:02 Chain Mail Armor
26:56 Bow Saw
26:49 Heavy Plow
27:13 Hand Cart
27:22 Hand Cart
33:31 Imperial Age
32:05 Ballistics
32:40 Squires
32:01 Pikeman
33:50 Anarchy
34:12 Elite Huskarl
34:54 Perfusion
36:08 Chemistry
37:52 Crop Rotation
38:25 Two-Man Saw
37:29 Halberdier
40:27 Blast Furnace
39:42 Chain Mail Armor
39:23 Bodkin Arrow
39:43 Leather Archer Armor
strangefruit
13:06 Feudal Age
18:26 Castle Age
16:36 Stone Mining
23:28 Fletching
24:00 Double-Bit Axe
24:35 Bodkin Arrow
25:39 Wheelbarrow
28:03 Gold Mining
28:05 Horse Collar
29:27 Hand Cart
31:05 Bow Saw
34:51 Imperial Age
33:27 Padded Archer Armor
33:38 Forging
33:29 Scale Mail Armor
33:34 Scale Barding Armor
35:32 Husbandry
35:43 Bloodlines
34:54 Light Cavalry
36:27 Heavy Plow
37:30 Two-Man Saw
37:27 Bracer
38:47 Ballistics
40:30 Chemistry
40:11 Iron Casting
40:15 Siege Engineers
40:32 Thumb Ring
40:37 Town Watch
41:10 Chain Mail Armor
41:15 Chain Barding Armor
40:47 Loom
43:45 Cavalier
43:51 Elite Skirmisher
44:36 Elite Rattan Archer
44:59 Imperial Skirmisher
46:53 Paper Money
47:26 Squires
47:42 Arrowslits
Connection lost

Rejoining the realm…

Still unreachable

The connection could not be restored.

Session expired

The server has moved on; the page needs a fresh start.